 Dungeon Crawl Stone Soup version 0.26.1-12-g5ba1501909 (webtiles) character file.

Game seed: 12020898159567193947

1751 worthlessgem the Cleaver (level 9, -7/72 HPs)
             Began as a Formicid Chaos Knight on Oct 5, 2021.
             Was a Plaything of Xom.
             Mangled by an orc warrior
             ... wielding a +0 scimitar
              (17 damage)
             ... on level 7 of the Dungeon.
             The game lasted 00:29:48 (6630 turns).

worthlessgem the Cleaver (Formicid Chaos Knight)    Turns: 6630, Time: 00:29:49

Health: -7/72      AC:  6    Str: 16 (18) XL:     9   Next: 27%
Magic:  9/9        EV: 10    Int: 12 (14) God:    Xom [..*...]
Gold:   226        SH:  4    Dex:  8 (10) Spells: 8/8 levels left

rFire    . . .     SeeInvis +   d - +4 quarterstaff (chaos)
rCold    . . .     Faith    .   o - +1 buckler
rNeg     . . .     Spirit   .   j - +0 ring mail (curse)
rPois    .         Reflect  .   (helmet unavailable)
rElec    .         Harm     .   (no cloak)
rCorr    .         Rampage  .   k - +0 pair of gloves
Will     .....                  (no boots)
Stlth    +.........             (no amulet)
HPRegen  0.22/turn              B - ring of attention (curse)
MPRegen  0.11/turn              (no ring)

@: flying
A: permanent stasis, dig shafts and tunnels, four strong arms, antennae 3
a: Dig, Shaft Self, Renounce Religion


You were on level 7 of the Dungeon.
You worshipped Xom.
You were a toy of Xom.
You visited 2 branches of the dungeon, and saw 8 of its levels.

You collected 226 gold pieces.

Inventory:

Hand Weapons
 a - a +0 hand axe of chaos
 b - a +0 hunting sling
 d - a +4 quarterstaff of chaos (weapon)
 p - a +0 mace
 w - a +0 dagger
Missiles
 e - 51 arrows
 l - 92 bolts
 m - 191 stones
 q - 18 boomerangs
 y - 2 throwing nets
 A - 19 poisoned darts
 E - 36 sling bullets
Armour
 c - a +2 leather armour
 j - a cursed +0 ring mail (worn)
 k - a +0 pair of gloves (worn)
 o - a +1 buckler (worn)
 r - a +0 scale mail
 F - a +3 leather armour
Jewellery
 B - a cursed ring of attention (left hand)
Wands
 H - a wand of digging (4)
Scrolls
 f - 4 scrolls of remove curse
 g - a scroll of amnesia
 i - 4 scrolls of identify
 n - a scroll of noise
 x - 2 scrolls of teleportation
 z - 2 scrolls of enchant weapon
 D - a scroll of enchant armour
Potions
 h - 2 potions of curing
 s - a potion of flight
 I - 2 potions of attraction


   Skills:
 + Level 7.1 Fighting
 * Level 9.3 Axes
 - Level 1.4 Slings
 - Level 2.1 Armour
 - Level 0.8 Dodging
 - Level 4.0 Stealth
 - Level 2.4 Shields


You had 8 spell levels left.
You didn't know any spells.
Your spell library was empty.

Dungeon Overview and Level Annotations

Branches:
Dungeon (7/15)             Temple (1/1) D:7

Altars:
Ashenzari
Cheibriados
Dithmenos
Elyvilon
Fedhas
Gozag
Kikubaaqudgha
Makhleb
Nemelex Xobeh
Okawaru
Qazlal
Ru
Sif Muna
Trog
Uskayaw
Vehumet
Wu Jian
Xom
Yredelemnul
Zin
The Shining One

Shops:
D:5 *

Annotations:
D:5 Duvessa
D:7 Maggie


Innate Abilities, Weirdness & Mutations

You cannot be hasted, slowed, berserked, paralysed or teleported.
You can dig through walls and to a lower floor.
Your four strong arms can wield two-handed weapons with a shield.
You have a pair of large antennae on your head. (SInv)


Message History

It is a scroll of enchant armour.
Your +0 buckler glows green for a moment.
The orc warrior closely misses you.
The orc wizard casts a spell.
The orc wizard blinks!
The hound pauses to sniff the ground.
Unknown command.
Unknown command.
As you read the scroll labelled XAFEUH SUG ZAZIOPT, it crumbles to dust.
Your stasis prevents you from teleporting.
It was a scroll of blinking.
The hound zombie disappears in a puff of smoke!
The orc warrior hits you with a +0 scimitar.
* * * LOW HITPOINT WARNING * * *
Maggie says, "Have you seen any dragons?"
You feel better.
The hound disappears in a puff of smoke!
The orc warrior hits you with a +0 scimitar!
You die...
Xom is highly amused!

..............#
..........r...#
...........#...#.(
...........##.....
.........##>#...?.
..........o....#
.....#.##...##.##
<..#####@$......#
... #@oo§......#
.. ###§.........
#..##§...##
....#....#
#...$##...# ......
#### ........
.##.....#


You could see Maggie, an orc warrior (fast) and 2 orc wizards.

Vanquished Creatures
  Pikel (D:4)
  Sigmund (D:4)
  Edmund (D:4)
  A sky beast (D:5)
  A boggart (D:4)
  A lemure (D:4)
  A bullfrog (D:7)
  A scorpion (D:4)
  A howler monkey (D:4)
  4 hounds
  3 orc wizards (D:4)
  A centaur skeleton (D:4)
  3 orc priests
  Crazy Yiuf (D:5)
  2 iguanas (D:4)
  2 worker ants
  6 adders
  8 gnolls
  3 worms (D:2)
  4 dart slugs
  6 leopard geckos
  9 orcs
  A ball python (D:4)
  9 bats
  5 giant cockroaches
  12 goblins
  5 hobgoblins
  6 jackals (D:4)
  A quokka (D:2)
  3 frilled lizards (D:4)
  6 kobolds
  10 rats
119 creatures vanquished.

Vanquished Creatures (collateral kills)
  An adder (D:1)
1 creature vanquished.

Vanquished Creatures (others)
  10 toadstools
10 creatures vanquished.

Grand Total: 130 creatures vanquished

Notes
Turn   | Place    | Note
-------+----------+-------------------------------------------
     0 | D:1      | worthlessgem the Formicid Chaos Knight began the quest for
                  | the Orb.
     0 | D:1      | Reached XP level 1. HP: 18/18 MP: 1/1
    61 | D:1      | XOM: silly message
   108 | D:1      | XOM: potion effect (brilliance)
   156 | D:1      | XOM: silly message
   177 | D:1      | Reached skill level 1 in Stealth
   177 | D:1      | Reached XP level 2. HP: 24/24 MP: 2/2
   482 | D:1      | XOM: silly message
   771 | D:1      | Reached XP level 3. HP: 25/29 MP: 3/3
   939 | D:2      | XOM: noise
   959 | D:1      | XOM: summons friendly shadow imp
  1413 | D:2      | XOM: scenery: summon butterflies
  1444 | D:2      | XOM: potion effect (curing)
  1502 | D:2      | Reached XP level 4. HP: 31/35 MP: 4/4
  1509 | D:2      | XOM: blink monster(s)
  1585 | D:2      | Reached skill level 4 in Axes
  1721 | D:2      | Reached skill level 1 in Shields
  2211 | D:3      | Reached XP level 5. HP: 41/41 MP: 5/5
  2401 | D:3      | XOM: cast spell 'Summon Small Mammal'
  2416 | D:3      | XOM: butterfly on damage
  2512 | D:2      | XOM: cloud trail
  2740 | D:3      | XOM: noise
  3004 | D:3      | Found a faded altar of an unknown god.
  3293 | D:3      | Reached skill level 1 in Slings
  3416 | D:2      | XOM: noise
  3685 | D:3      | Reached XP level 6. HP: 39/47 MP: 6/6
  3872 | D:3      | XOM: summons 4 hostile demons
  3880 | D:3      | You fall into a shaft and drop 1 floor!
  3880 | D:4      | Noticed Pikel
  3883 | D:4      | Noticed Sigmund
  3883 | D:4      | XOM: divination: magic mapping
  3889 | D:4      | You fall into a shaft and drop 3 floors!
  3889 | D:7      | Found a staircase to the Ecumenical Temple.
  3896 | Temple   | Entered the Ecumenical Temple
  4339 | D:7      | Noticed an orc warrior
  4457 | D:5      | Entered Level 5 of the Dungeon
  4533 | D:5      | Reached skill level 5 in Axes
  4686 | D:5      | Found a runed translucent door.
  4687 | D:5      | Noticed Crazy Yiuf
  4711 | D:5      | Killed Crazy Yiuf
  4965 | D:5      | Found Nufiaxku's Assorted Antiques.
  4994 | D:5      | Noticed Duvessa
  5032 | D:4      | XOM: divination: magic mapping
  5053 | D:4      | XOM: cast spell 'Alistair's Intoxication'
  5057 | D:4      | XOM: confuse monster(s)
  5111 | D:4      | Reached XP level 7. HP: 53/54 MP: 7/7
  5158 | D:4      | Killed Sigmund
  5159 | D:4      | Reached skill level 6 in Axes
  5179 | D:4      | XOM: snakes to sticks
  5246 | D:4      | Reached skill level 5 in Fighting
  5264 | D:4      | Noticed Edmund
  5318 | D:4      | XOM: divination: detect items
  5321 | D:4      | XOM: noise
  5343 | D:4      | XOM: potion effect (invisibility)
  5344 | D:4      | Reached XP level 8. HP: 41/62 MP: 8/8
  5383 | D:4      | Reached skill level 7 in Axes
  5604 | D:4      | XOM: polymorph orc wizard -> boggart
  5840 | D:4      | XOM: stat loss: -1 Int (12/13)
  5853 | D:4      | XOM: blink monster(s)
  5859 | D:4      | Killed Edmund
  5860 | D:4      | Killed Pikel
  5861 | D:4      | Reached skill level 8 in Axes
  5861 | D:4      | Reached XP level 9. HP: 59/71 MP: 6/9
  6288 | D:5      | Reached skill level 9 in Axes
  6307 | D:5      | XOM: stat loss: -1 Dex (9/10)
  6588 | D:6      | You fall into a shaft and drop 1 floor!
  6592 | D:7      | XOM: summons 4 hostile shadow creatures
  6622 | D:7      | Identified the +12 long sword of the Final Decision
                  | {vorpal, +Fly rPois rF+ Str+2}
  6624 | D:7      | Noticed Maggie
  6630 | D:7      | Mangled by an orc warrior

Illustrated notes

Levels and vault maps discovered:
D:1:      dpeg_arrival_morbid_curiosity, layout_basic, minmay_tromino_v4_b
D:2:      layout_rooms
D:3:      layout_loops_ring, chequers_ecumenical_altar_island
D:4:      layout_cave_pools, gup_sewer_entry_pipe, uniq_edmund, uniq_sigmund,
          uniq_pikel
D:5:      layout_basic, serial_shops, shop, uniq_crazy_yiuf_cottage,
          uniq_duvessa
D:6:      layout_loops_cross, serial_shops, shop, minmay_gold_behind_fungi
D:7:      cheibrodos_fertilizer, layout_cave_pools, nzn_hepliaklqana_mist_gate,
          temple_fountains, uniq_maggie
Temple:   compressed_dpeg_triangle_lava_temple

Skill      XL: |  1  2  3  4  5  6  7  8  9 |
---------------+----------------------------+-----
Stealth        | 1 2 3 4 |  4.0
Axes           | 4 5 6 8 9 |  9.3
Shields        | 1 2 |  2.4
Slings         | 1 |  1.4
Fighting       | 4 5 6 7 |  7.1
Armour         | |  2.1
Dodging        | |  0.8

Action                   |  1- 3 |  4- 6 |  7- 9 || total
-------------------------+-------+-------+-------++-------
Melee: Hand axe          |    92 |   130 |    93 ||   315
       Dagger            |       |     3 |    10 ||    13
       Quarterstaff      |       |    13 |    38 ||    51
       Mace              |       |     7 |       ||     7
 Fire: Hunting sling     |       |    71 |     4 ||    75
 Abil: Dig               |     3 |     6 |     8 ||    17
       Shaft Self        |       |     2 |     1 ||     3
  Use: Scroll            |       |     3 |     7 ||    10
       Potion            |       |       |     9 ||     9
 Stab: Paralysed         |     2 |     1 |     6 ||     9
       Petrified         |       |     1 |     2 ||     3
       Sleeping          |       |     1 |     1 ||     2
       Invisible         |       |       |     5 ||     5
Armor: Leather armour    |    59 |    31 |    42 ||   132
       Scale mail        |       |    33 |       ||    33
       Ring mail         |       |       |     5 ||     5
Dodge: Dodged            |    65 |    83 |   106 ||   254
Block: Buckler           |       |    34 |    33 ||    67
